 Dungeon Crawl Stone Soup version 0.27.1 (webtiles) character file.

Game seed: 13179467382083589445

4 Atelerd the Digger (level 1, 0/11 HPs)
             Began as an Octopode Earth Elementalist on Sept 1, 2021.
             Slain by a jackal (1 damage)
             ... on level 1 of the Dungeon.
             The game lasted 00:00:36 (73 turns).

Atelerd the Digger (Octopode Earth Elementalist)      Turns: 73, Time: 00:00:37

Health: 0/11       AC:  1    Str:  7    XL:     1   Next: 60%
Magic:  0/3        EV: 13    Int: 17    God:
Gold:   11         SH:  0    Dex: 12    Spells: 3/4 levels left

rFire    . . .     SeeInvis .   (no weapon)
rCold    . . .     Faith    .   (no shield)
rNeg     . . .     Spirit   .   (helmet restricted)
rPois    .         Reflect  .   (no amulet)
rElec    .         Harm     .   (no ring)
rCorr    .         Rampage  .   (no ring)
Will     .....                  (no ring)
Stlth    +++.......             (no ring)
HPRegen  0.03/turn              (no ring)
MPRegen  0.08/turn              (no ring)
                                (no ring)
                                (no ring)

@: no status effects
A: almost no armour, amphibious, 8 rings, camouflage 1, gelatinous body 1,
(nimble swimmer 1), tentacles
a: no special abilities


You were on level 1 of the Dungeon.
You visited 1 branch of the dungeon, and saw 1 of its levels.

You collected 11 gold pieces.

Inventory:

Missiles
 b - 42 stones


   Skills:
 - Level 2.0 Dodging
 + Level 2.8 Stealth
 + Level 2.0 Spellcasting
 + Level 1.1 Transmutations
 + Level 3.0 Earth Magic


You had 3 spell levels left.
You knew the following spells:

 Your Spells              Type           Power      Damage    Failure   Level
a - Sandblast             Erth           24%        2d8       5%          1

Your spell library contained the following spells:

 Spells                   Type           Power      Damage    Failure   Level
 Passwall                 Tmut/Erth      6%         N/A       12%         2
 Stone Arrow              Conj/Erth      14%        3d7       30%         3
 Petrify                  Tmut/Erth      8%         N/A       63%         4


Dungeon Overview and Level Annotations

Branches:
Dungeon (1/15)

Altars:


Innate Abilities, Weirdness & Mutations

You cannot wear most types of armour.
You are amphibious.
You can wear up to eight rings at the same time.
Your skin changes colour to match your surroundings (Stealth+).
Your rubbery body absorbs attacks. (AC +1, EV +1)
((You are camouflaged near water. (Stealth+)))
You have tentacles for arms and can constrict up to eight enemies at once.


Message History

You constrict the jackal, but do no damage.
The jackal bites you. The jackal closely misses you. The jackal bites you.
The jackal closely misses you.
You are too injured to fight recklessly!
You are too injured to fight recklessly!
You barely miss the jackal. You squeeze the jackal.
The jackal is severely wounded.
You constrict the jackal, but do no damage.
The jackal bites you. The jackal misses you.
You are too injured to fight recklessly!
You are too injured to fight recklessly!
You tentacle-slap the jackal but do no damage.
You squeeze the jackal.
You kill the jackal!
The jackal misses you.
The jackal bites you but does no damage.
You are too injured to fight recklessly!
Found a leather armour.
The jackal closely misses you.
You see here a jackal corpse.
You are too injured to fight recklessly!
Found a short sword.
The jackal bites you.
* * * LOW HITPOINT WARNING * * *
Unknown command.
You are too injured to fight recklessly!
You are too injured to fight recklessly!
Unknown command.
You are too injured to fight recklessly!
Unknown command.
You tentacle-slap the jackal but do no damage.
Your grab misses the jackal.
The jackal bites you but does no damage.
The jackal closely misses you.
You tentacle-slap the jackal but do no damage.
You grab the jackal. You constrict the jackal. The jackal bites you.
* * * LOW HITPOINT WARNING * * *
You tentacle-slap the jackal.
The jackal is heavily wounded.
You constrict the jackal, but do no damage.
The jackal barely misses you. The jackal bites you.
You die...

### .. ###.##
#.....#################
##......................
....⌠...####.##.####.###
#.......####.##.####.#
#[.....@†..........#.###
........h...###.##.#.#..
#.#..##.##### #.##.#.#.#
#. #.# #######.#.#.# ..
#.# #.....####..# .) #..
#..⌠.....##.. . ###
##.........###
#.#......#......
#........###...#


You could see a jackal.

Vanquished Creatures
  3 jackals (D:1)
3 creatures vanquished.

Notes
Turn   | Place    | Note
-------+----------+-------------------------------------------
     0 | D:1      | Atelerd the Octopode Earth Elementalist began the quest for
                  | the Orb.
     0 | D:1      | Reached XP level 1. HP: 11/11 MP: 3/3
    73 | D:1      | Slain by a jackal

Illustrated notes

Levels and vault maps discovered:
D:1:      dpeg_arrival_arbitrary_c, layout_loops_ring,
          ebering_ecumenical_altar_mist, solitary_fountain

Action                   || total
-------------------------++-------
Melee: Unarmed           ||     8
       Tentacles         ||     4
       Constrict         ||     3
 Cast: Sandblast         ||     3
Armor: Skin              ||     3
Dodge: Dodged            ||     8
